AoeStats
← nonoleboss

Black Forest

507966258Analyzed
4v4 RM · 13d ago on Sep 20, 2026· 45m 31s· 8 players
Game mode
Random Map
Map size
Large (8 player)
Population
200
Speed
Normal
Resources
Standard
Victory
Conquest
Starting age
Dark Age
Ending age
Imperial Age
RankedLock teamsTeams togetherTeam positionsShared explorationLock speedFull tech treeHidden civsTurbo modeCheats
Victory
Defeat
🇨🇳 Italians · China
1375
+13
🇹🇼 Persians · Taiwan
1338
+14
🇨🇳 Lithuanians · China
1308
+16
🇫🇮 Shu · Finland
1297
+16
🇫🇮 Khmer · Finland
1354
-17
🇮🇹 Britons · Italy
1305
-15
🇫🇷 Japanese · France
1291
-14
🇫🇮 Byzantines · Finland
1258
-13
HSL | errik
3:13 Loom
9:23 Feudal Age
10:04 Double-Bit Axe
11:27 Fletching
22:29 Castle Age
20:50 Gold Mining
21:12 Horse Collar
22:31 Crossbowman
23:08 Bodkin Arrow
28:53 Bow Saw
31:21 Wheelbarrow
32:28 Gold Shaft Mining
32:49 Pikeman
33:30 Squires
33:31 Padded Archer Armor
36:35 Imperial Age
35:37 Leather Archer Armor
35:23 Scale Mail Armor
35:33 Forging
36:11 Hand Cart
37:14 Chain Mail Armor
37:12 Arbalester
38:27 Ballistics
39:46 Conscription
40:49 Bracer
43:17 Chemistry
43:56 Plate Mail Armor
44:37 Two-Man Saw
45:40 Caravan
nonoleboss
1:33 Loom
11:50 Feudal Age
15:57 Castle Age
14:51 Double-Bit Axe
15:23 Horse Collar
15:55 Gold Mining
23:54 Fishing Lines
25:22 Bow Saw
26:01 Gillnets
26:21 Heavy Plow
31:52 Imperial Age
29:09 Town Watch
30:49 Wheelbarrow
30:20 Scale Mail Armor
31:38 Chain Mail Armor
31:33 Forging
32:36 Hand Cart
33:20 Plate Mail Armor
32:12 Pikeman
32:53 Squires
33:42 Conscription
33:48 Elite Samurai
35:17 Iron Casting
35:23 Masonry
35:19 Siege Engineers
35:28 Caravan
35:50 Capped Ram
36:06 Halberdier
37:13 Treadmill Crane
37:28 Murder Holes
38:37 Blast Furnace
38:37 Kataparuto
41:18 Hoardings
40:47 Fletching
Finarfin
4:34 Loom
9:43 Feudal Age
9:52 Man-at-Arms
10:18 Arson
10:24 Double-Bit Axe
12:18 Wheelbarrow
11:44 Horse Collar
20:42 Castle Age
19:39 Stone Mining
19:40 Gold Mining
20:00 Fishing Lines
21:37 Hand Cart
21:24 Heavy Plow
21:34 Bow Saw
22:57 Gold Shaft Mining
23:25 Gillnets
28:10 Imperial Age
26:46 Caravan
27:35 Stone Shaft Mining
29:15 Conscription
30:02 Crop Rotation
30:51 Fletching
32:18 Guilds
32:06 Bodkin Arrow
33:24 Hoardings
33:13 Padded Archer Armor
34:20 Bracer
35:27 Leather Archer Armor
37:11 Ring Archer Armor
38:52 Treadmill Crane
38:47 Crossbowman
40:02 Thumb Ring
39:50 Arbalester
40:43 Elite Skirmisher
43:04 Chemistry
42:57 Ballistics
43:37 Murder Holes
Burgeri
7:04 Loom
10:37 Feudal Age
14:29 Castle Age
12:51 Horse Collar
15:41 Wheelbarrow
15:16 Double-Bit Axe
16:35 Bow Saw
30:17 Imperial Age
29:01 Hand Cart
29:53 Gold Mining
29:55 Stone Mining
30:51 Scale Barding Armor
30:57 Forging
31:52 Chain Barding Armor
33:32 Plate Barding Armor
34:11 Double Crossbow
33:32 Elite Ballista Elephant
35:56 Bloodlines
36:13 Conscription
36:07 Forging
35:23 Light Cavalry
36:03 Husbandry
36:51 Fletching
37:35 Bodkin Arrow
38:31 Caravan
39:24 Hussar
40:40 Iron Casting
SirBro
2:58 Loom
11:51 Feudal Age
17:06 Castle Age
15:12 Double-Bit Axe
18:18 Bow Saw
26:20 Fishing Lines
29:45 Wheelbarrow
34:56 Imperial Age
35:05 Coiled Serpent Array
35:47 Thumb Ring
35:02 Crossbowman
35:46 Bolt Magazine
36:08 Conscription
35:54 Fletching
36:04 Padded Archer Armor
35:55 Arbalester
36:32 Horse Collar
37:15 Hand Cart
38:39 Chemistry
39:13 Ballistics
38:53 Bodkin Arrow
39:14 Leather Archer Armor
40:54 Bracer
41:24 Ring Archer Armor
41:31 Siege Engineers
43:54 Squires
43:14 Pikeman
44:30 Elite Skirmisher
45:22 Scale Mail Armor
45:32 Forging
45:24 Halberdier
chengaopeng044
0:37 Loom
0:37 Loom
0:37 Loom
11:15 Feudal Age
14:42 Castle Age
12:46 Double-Bit Axe
13:56 Scale Barding Armor
15:13 Forging
15:52 Wheelbarrow
16:50 Town Watch
18:04 Horse Collar
20:46 Bow Saw
22:03 Bloodlines
24:56 Heavy Plow
26:04 Gold Mining
26:14 Stone Mining
29:19 Hand Cart
31:00 Chain Barding Armor
30:56 Husbandry
33:50 Imperial Age
32:14 Fletching
33:05 Bodkin Arrow
33:05 Elite Skirmisher
33:28 Cavalier
34:32 Conscription
35:16 Plate Barding Armor
35:19 Iron Casting
35:04 Crossbowman
35:50 Thumb Ring
36:28 Kamandaran
37:34 Two-Man Saw
37:08 Padded Archer Armor
38:11 Chemistry
38:13 Blast Furnace
37:49 Crop Rotation
37:50 Caravan
38:11 Leather Archer Armor
38:15 Savar
43:58 Coinage
44:28 Gold Shaft Mining
45:09 Banking
44:50 Guilds
姬七兮
0:38 Loom
11:03 Feudal Age
16:53 Castle Age
15:20 Double-Bit Axe
16:19 Fletching
19:32 Horse Collar
28:23 Imperial Age
27:00 Bodkin Arrow
27:48 Gold Mining
28:30 Bow Saw
30:15 Chemistry
29:27 Masonry
32:11 Bracer
35:36 Fortified Wall
35:47 Padded Archer Armor
38:48 Leather Archer Armor
41:35 Ring Archer Armor
42:00 Thumb Ring
42:36 Conscription
46:29 Wheelbarrow
苍真
7:43 Loom
11:47 Feudal Age
15:31 Castle Age
14:44 Double-Bit Axe
14:41 Horse Collar
17:01 Bow Saw
25:46 Wheelbarrow
29:21 Imperial Age
28:07 Hand Cart
27:58 Scale Barding Armor
28:35 Forging
29:44 Chain Barding Armor
29:28 Cavalier
30:18 Bloodlines
31:13 Plate Barding Armor
31:16 Iron Casting
31:50 Gold Mining
31:35 Paladin
32:18 Husbandry
31:45 Light Cavalry
37:32 Conscription
43:34 Caravan
45:14 Winged Hussar
Connection lost

Rejoining the realm…

Still unreachable

The connection could not be restored.

Session expired

The server has moved on; the page needs a fresh start.